[Event "Early-Titled-Tuesday-Blitz-April-16-2024"]
[Site "Chess.com"]
[Date "2024.04.16"]
[Round "3"]
[White "MdChess1734"]
[Black "vasblesk"]
[Result "0-1"]
[WhiteElo "2372"]
[BlackElo "2826"]
[TimeControl "180+1"]
[EndTime "8:29:47 PDT"]
[Termination "vasblesk won on time"]

1. e4 c5 2. Nf3 g6 3. d4 cxd4 4. Nxd4 Bg7 5. Nc3 Nc6 6. Be3 Nf6 7. Bc4 Qa5 8. O-O O-O 9. Bb3 d6 10. h3 Bd7 11. f4 Nxd4 12. Bxd4 Bc6 13. Qd3 Rad8 14. Rae1 e5 15. Be3 d5 16. exd5 Bxd5 17.
Nxd5 Nxd5 18. fxe5 Bxe5 19. Bxd5 Rxd5 20. Qb3 Rb5 21.
Qc4 Bxb2 22. Bh6 Rf5 23. Bxf8 Kxf8 24. Rxf5 Qxe1+ 25. Rf1 Qe7 26. c3 Ba3 27. Qf4 Bd6 28. Qh6+ Kg8 29. Qd2 Qe5 30. Rd1 Qh2+ 31. Kf2 Qg3+ 32.
Kf1 Be5 33. c4 b6 34. Qf2 Qc3 35. Qe2 Kg7 36. Re1 Bf6 37. Kg1 Qd4+ 38. Kh1 Qd6 39. Rf1 Qc6 40. Qf3 Qd6 41. Rd1 Qc7 42. Rf1 Be5 43. Qd5 h5 44. Re1 Bf6 45. Rd1 Qf4 46.
c5 Be5 47. Kg1 Qe3+ 48. Kf1 bxc5 49. Qd3 Qf4+ 50. Qf3 Qc4+ 51. Kg1 Bd4+ 52. Kh1 Qxa2 53. Rf1 Qe6 54. Rb1 a5 0-1

[Event "Early-Titled-Tuesday-Blitz-April-16-2024"]
[Site "Chess.com"]
[Date "2024.04.16"]
[Round "3"]
[White "wannabe2700"]
[Black "chess_blitz00"]
[Result "0-1"]
[WhiteElo "2640"]
[BlackElo "2509"]
[TimeControl "180+1"]
[EndTime "8:29:47 PDT"]
[Termination "chess_blitz00 won by resignation"]

1. b3 d6 2. Bb2 Nf6 3. d4 g6 4. Nc3 Bg7 5. e4 O-O 6. Qd2 e5 7. O-O-O Nc6 8. dxe5 dxe5 9. Qxd8 Rxd8 10. Rxd8+ Nxd8 11.
f3 c6 12. Na4 Nd7 13. g3 Ne6 14. h4 h5 15. Nh3 Nd4 16. f4 Nf8 17. Nf2 Nfe6 18.
Nd3 b6 19. Nxe5 Bxe5 20. fxe5 c5 21. Nc3 Bb7 22. Nd5 Rd8 23. c3 Nf3 24. c4 Nfd4 25.
Kd2 Nc6 26. Bh3 Ned4 27. Kd3 Nxe5+ 28. Ke3 Nec6 29. Rf1 Kg7 30. Rf2 Re8 31. Kd3 Bc8 32. Bxc8 Rxc8 33. b4 Ne5+ 34. Kc3 Ndc6 35. a3 Re8 36.
Kb3 Re6 37. Ka4 Nd4 38. Bxd4 cxd4 39. c5 bxc5 40. bxc5 Nd3 41. Rc2 Rxe4 42. c6 Re8 43.
c7 Rc8 44. Ne7 Nb2+ 45. Kb3 d3 46. Nxc8 dxc2 47. Kxc2 Nc4 48. Kc3 Nxa3 49. Kb3 Nb5 50. Kc4 a6 51. Kc5 Nxc7 52. Nd6 Kf6 53. Kb6 Nd5+ 54.
Kxa6 Ke6 55. Ne4 Ke5 56. Ng5 f6 57. Nf7+ Ke6 0-1

[Event "Early-Titled-Tuesday-Blitz-April-16-2024"]
[Site "Chess.com"]
[Date "2024.04.16"]
[Round "3"]
[White "Rud_Makarian"]
[Black "Korchmar_Vasiliy"]
[Result "1-0"]
[WhiteElo "3025"]
[BlackElo "2706"]
[TimeControl "180+1"]
[EndTime "8:29:49 PDT"]
[Termination "Rud_Makarian won on time"]

1. Nf3 d5 2. g3 g6 3. c4 c6 4. Qa4 dxc4 5. Qxc4 Bg7 6. Bg2 Nh6 7. O-O Nf5 8. e3 O-O 9. Qe2 b6 10. Rd1 Ba6 11. d3 Nd7 12. Qc2 Rc8 13. Nc3 c5 14. Nd2 Qc7 15. a4 Bb7 16. Nb5 Qb8 17. e4 Nd4 18. Nxd4 cxd4 19. Qb1 a5 20. Nc4 Ba6 21. b3 Nc5 22. Ba3 Bxc4 23. bxc4 Nxa4 24. Bd6 Qxd6 25. Rxa4 e5 26. h4 Rc5 27. Rd2 Rb8 28. Rb2 Qc7 29.
Kh2 Bf8 30. h5 Kg7 31. Qc1 Be7 32. h6+ Kg8 33. Qd2 Qd8 34. Qd1 Bg5 35. Bf3 Bxh6 36. Kg2 Bf8 37. Ra1 h5 38. Rab1 Rc6 39. Qe2 Bc5 40. Rh1 Qg5 41. Rbb1 a4 42. Bxh5 gxh5 43. Rxh5 Qg7 44. Rbh1 a3 45. Qa2 Ra8 46. R1h4 Rg6 47.
Rh1 Qf6 48. Qb3 a2 49. Ra1 Rh6 50. Rf5 Qh8 51. Rxa2 Rh2+ 52. Kf3 Rxa2 53. Qxa2 1-0

[Event "Early-Titled-Tuesday-Blitz-April-16-2024"]
[Site "Chess.com"]
[Date "2024.04.16"]
[Round "3"]
[White "jinxy2009"]
[Black "Aminazinas"]
[Result "1-0"]
[WhiteElo "2323"]
[BlackElo "2545"]
[TimeControl "180+1"]
[EndTime "8:29:49 PDT"]
[Termination "jinxy2009 won by checkmate"]

1. e4 e5 2. Nf3 Nc6 3. Bb5 a6 4.
Ba4 Nf6 5. O-O Be7 6. Re1 b5 7. Bb3 O-O 8. a4 Bb7 9. d3 d6 10. h3 Na5 11. Ba2 c5 12. c3 b4 13. Nbd2 Bc6 14. Nc4 Rb8 15. Nxa5 Qxa5 16. Bd2 Bxa4 17.
Bxf7+ Rxf7 18. Qxa4 Qxa4 19. Rxa4 bxc3 20. bxc3 Rb2 21.
Rxa6 h6 22. Rea1 c4 23. Be3 cxd3 24. R6a4 Bf8 25. Rd1 Rc7 26. Rxd3 Rb3 27. Bd2 d5 28. Nxe5 dxe4 29. Rg3 Bd6 30. Bf4 Rb5 31. Ra8+ Bf8 32. Ng6 Rf7 33. Bd6 Nd7 34. Nxf8 Nxf8 35. Bxf8 Rxf8 36.
Rxf8+ Kxf8 37. Re3 Rb1+ 38. Kh2 Rf1 39. Kg3 Rc1 40. Kf4 Rc2 41. Kxe4 Rxf2 42. Rf3+ Rxf3 43. Kxf3 Ke7 44. Kf4 Ke6 45. c4 g6 46. Ke4 Kd6 47.
Kd4 Ke6 48. c5 g5 49. Ke4 h5 50. g3 Kf6 51. c6 Ke6 52. c7 Kd7 53. Kf5 g4 54. h4 Kxc7 55. Kg5 Kd6 56. Kxh5 Ke5 57. Kxg4 Kf6 58. Kf4 Kg6 59. g4 Kh6 60. Kf5 Kg7 61.
Kg5 Kh7 62. Kf6 Kg8 63. g5 Kh8 64. Kg6 Kg8 65. h5 Kh8 66. Kh6 Kg8 67. g6 Kh8 68. Kg5 Kg8 69. Kf6 Kh8 70. g7+ Kg8 71. h6 Kh7 72. Kf7 Kxh6 73. g8=Q Kh5 74. Kf6 Kh6 75. Qg6# 1-0

[Event "Early-Titled-Tuesday-Blitz-April-16-2024"]
[Site "Chess.com"]
[Date "2024.04.16"]
[Round "3"]
[White "Vse_po_kaify"]
[Black "FGHSMN"]
[Result "0-1"]
[WhiteElo "2595"]
[BlackElo "2904"]
[TimeControl "180+1"]
[EndTime "8:29:50 PDT"]
[Termination "FGHSMN won by resignation"]

1. e4 e5 2. Nf3 Nc6 3. Nc3 Nf6 4. Be2 d5 5. exd5 Nxd5 6. O-O Nxc3 7. bxc3 Bd6 8. d4 exd4 9. Nxd4 Nxd4 10. cxd4 O-O 11. c3 c6 12. Rb1 Qc7 13. h3 Be6 14. Bd3 Bxa2 15. Bxh7+ Kxh7 16. Qc2+ Kg8 17. Qxa2 Rfe8 18. Be3 a5 19. c4 a4 20. Rfd1 Qd7 21. c5 Bf8 22. d5 cxd5 23. Qxd5 Qxd5 24. Rxd5 a3 25. Ra1 Ra6 26. Ra2 g6 27. Rd3 Rea8 28. Rb3 Ra5 29.
Rxb7 Bxc5 30. Bxc5 Rxc5 31. Rb3 Rca5 32. h4 Kg7 33. g4 Kf6 34. Kg2 Ke5 35. Rf3 R5a7 36. h5 gxh5 37. gxh5 Kd4 38. h6 Kc4 39. h7 Kb4 40.
Rh3 Rh8 41. Kf1 f5 42. Kg2 f4 43. Kf1 f3 44. Rxf3 Rhxh7 45. Ke2 Rhd7 46. Rh3 Rd4 47. Ke3 Rad7 48. Ke2 Re7+ 49. Kf1 Rd1+ 50. Kg2 Rg7+ 51. Kh2 Ra7 52. f4 Rb1 53. Kg3 Rb2 54. Ra1 Rg7+ 55. Kh4 Rbg2 56. Rb1+ Ka4 57. Rxa3+ Kxa3 58. Kh3 Rg1 59.
Rxg1 Rxg1 60. f5 Kb4 61. Kh4 Kc5 62. f6 Kd6 0-1

[Event "Early-Titled-Tuesday-Blitz-April-16-2024"]
[Site "Chess.com"]
[Date "2024.04.16"]
[Round "3"]
[White "UK_23"]
[Black "mr_gustavo"]
[Result "1/2-1/2"]
[WhiteElo "2479"]
[BlackElo "2705"]
[TimeControl "180+1"]
[EndTime "8:29:50 PDT"]
[Termination "Game drawn by repetition"]

1. e4 e6 2. d4 d5 3. e5 c5 4.
c3 Bd7 5. Nf3 a6 6. Be2 cxd4 7.
cxd4 Bb5 8. O-O Bxe2 9. Qxe2 Nc6 10. Nc3 Bb4 11. Nd1 Nge7 12. Ne3 O-O 13. a3 Ba5 14. h4 Bb6 15. Rd1 Rc8 16. b4 Ba7 17.
Bb2 b5 18. Rac1 Qd7 19. h5 h6 20. g3 Nb8 21. Kg2 Rxc1 22. Rxc1 Rc8 23. Rxc8+ Nxc8 24. Qc2 Nb6 25. Ng4 Nc4 26. Bc1 Qd8 27. Bxh6 gxh6 28. Nf6+ Kf8 29. Qh7 Ke7 30. Qxh6 Nc6 31. Qg5 Nxd4 32.
Nxd5+ Kd7 33. Qxd8+ Kxd8 34. h6 Nxf3 35. h7 Nfxe5 36.
h8=Q+ Kd7 37. Nf6+ Ke7 38. Ne4 Bd4 39. Qa8 f5 40. Nc5 Nxa3 41. Qxa6 Bxc5 42. bxc5 b4 43. Qb7+ Kd8 44. Qxb4 Nac4 45. c6 Kc7 46. f4 Ng4 47. Qc5 Nce3+ 48. Kf3 Nd5 49. Qc1 Ngf6 50. Kg2 Ne4 51. Kh3 Nf2+ 52. Kg2 Nd3 53. Qd2 N3b4 54. Qe2 Kd6 55. Qc4 Nxc6 56. Kf3 Ncb4 57. Qc1 Nc6 58. Qd1 Kc5 59. Qc1+ Kd6 60. Qd1 Kc5 61. Qc1+ Kd6 1/2-1/2

[Event "Early-Titled-Tuesday-Blitz-April-16-2024"]
[Site "Chess.com"]
[Date "2024.04.16"]
[Round "3"]
[White "FREZZY23"]
[Black "arenal72"]
[Result "0-1"]
[WhiteElo "2431"]
[BlackElo "2613"]
[TimeControl "180+1"]
[EndTime "8:29:50 PDT"]
[Termination "arenal72 won by checkmate"]

1. Nf3 d6 2. d4 Nf6 3. g3 g6 4.
Bg2 Bg7 5. O-O O-O 6. c4 Bf5 7. Qb3 Qc8 8. Nc3 Nc6 9. d5 Na5 10. Qa4 b6 11. Nd4 Bd7 12. Qb4 Nb7 13. Rd1 Nc5 14.
Qa3 a5 15. b3 Bh3 16. Nc6 Re8 17. Bh1 Qf5 18. Be3 Ng4 19. Qc1 Nxe3 20. Qxe3 e6 21. Rac1 exd5 22. Nxd5 Kh8 23. Qf3 Bb2 24. Rb1 Qc2 25.
Re1 Bf5 26. Nxc7 Rac8 27. Nxe8 Rxe8 28. Rbd1 Kg7 29. Nd4 Bxd4 30. Rxd4 Nd3 31. Rxd3 Bxd3 32. e3 Qxa2 33. Qd1 Bc2 34. Qd4+ Kg8 35. Bc6 Rf8 36. Qxd6 Qxb3 37. Bd5 Qb4 38. Qxb4 axb4 39. c5 bxc5 40. Rc1 b3 41. Bxb3 Bxb3 42. Rxc5 Be6 43. Rc3 h5 44. f3 Rd8 45. Kf2 Rd2+ 46. Kg1 h4 47. e4 hxg3 48.
hxg3 Kg7 49. Rc1 Kf6 50. Rf1 Ke5 51. Rf2 Rxf2 52. Kxf2 Kd4 53. Ke2 g5 54. Kd2 f6 55.
Ke2 Bc4+ 56. Kf2 Kd3 57. Kg2 Ke3 58. Kh3 Kxf3 59. e5 fxe5 60. Kh2 e4 61. Kg1 e3 62. Kh2 e2 63. Kh3 e1=Q 64. Kh2 Qf2+ 65. Kh1 Qg2# 0-1

[Event "Early-Titled-Tuesday-Blitz-April-16-2024"]
[Site "Chess.com"]
[Date "2024.04.16"]
[Round "3"]
[White "NikFil2013"]
[Black "SkinnyPuppy8"]
[Result "1-0"]
[WhiteElo "2420"]
[BlackElo "2209"]
[TimeControl "180+1"]
[EndTime "8:29:50 PDT"]
[Termination "NikFil2013 won by resignation"]

1. d4 d5 2. c4 e6 3. Nc3 c6 4.
e3 f5 5. Nf3 Nd7 6. b3 Bd6 7.
Bd3 g6 8. Bb2 Ngf6 9. O-O O-O 10. Nd2 Ne4 11. f3 Qh4 12. f4 Ndf6 13. Nf3 Qh5 14. Ne5 Qxd1 15. Raxd1 Nxc3 16. Bxc3 Bxe5 17. dxe5 Ne4 18. Bxe4 fxe4 19. Bb4 Rd8 20. Rd2 b6 21. Rfd1 Ba6 22. Kf2 Kf7 23. Ke1 Ke8 24. c5 Bd3 25. Rc1 a5 26. Ba3 b5 27. Bb2 b4 28. Ra1 Rdb8 29. Bd4 a4 30. Rdd1 Bc2 31. Rdc1 axb3 32. axb3 Bxb3 33. Rcb1 Rxa1 34. Rxa1 Bc2 35. Ra6 Kd7 36.
Ra7+ Kc8 37. Rxh7 b3 38. Kd2 Bd3 39. Rh8+ Kb7 40. Rxb8+ Kxb8 41. Kc3 Bc2 42. Kb2 Kc8 43. Kc3 Kd7 44. Kb2 Ke7 45. Kc3 Kf7 46. Kb2 Kg7 47. h3 Kh6 48. g3 Kh5 49. Kc3 Bd1 50. Kb2 Bc2 51. Bc3 Bd1 52. Kc1 Kh6 53. Kxd1 Kh5 54.
Bb2 Kh6 55. Kd2 Kh5 56. Kc3 Kh6 57. Kxb3 1-0

[Event "Early-Titled-Tuesday-Blitz-April-16-2024"]
[Site "Chess.com"]
[Date "2024.04.16"]
[Round "3"]
[White "santosalberto1987"]
[Black "Flawless_Fighter"]
[Result "0-1"]
[WhiteElo "2557"]
[BlackElo "2769"]
[TimeControl "180+1"]
[EndTime "8:29:51 PDT"]
[Termination "Flawless_Fighter won by resignation"]

1. e4 c6 2. c4 d5 3. exd5 cxd5 4. cxd5 Nf6 5. Qa4+ Nbd7 6. Bc4 g6 7. Nc3 Bg7 8. Nf3 O-O 9. d3 a6 10. Qa3 b6 11.
O-O Bb7 12. Re1 b5 13. Bb3 Re8 14. h3 Nb6 15. d6 Qxd6 16. Qxd6 exd6 17. Be3 Nbd7 18.
Bd4 Bxf3 19. gxf3 Nc5 20. Bc2 Rac8 21. a3 Ne6 22. Be3 Nd7 23. Bd2 Nd4 24. Rxe8+ Rxe8 25. Bd1 Ne5 26. Ne4 Nexf3+ 27. Kg2 Rxe4 28. Bxf3 Nxf3 29. Kxf3 Rh4 30. Bf4 Bxb2 31. Ra2 Be5 32. Bxe5 dxe5 33. Kg3 Rd4 34. f3 Rxd3 35. a4 b4 36. a5 Ra3 37.
Rb2 b3 38. Kg4 Kg7 39. h4 f5+ 40. Kg3 Rxa5 41. Rxb3 Rb5 42. Rc3 Rb7 43. Rc5 Re7 44.
Rc6 a5 45. Ra6 e4 46. fxe4 fxe4 47. Rxa5 e3 48. Ra1 Kh6 49. Kf3 e2 50. Re1 Kh5 51. Kf4 h6 52. Kg3 Re6 53. Kf4 Re8 54.
Kg3 Re3+ 55. Kf4 Rh3 56. Rxe2 Rxh4+ 57. Kg3 g5 58. Re6 Rg4+ 59. Kh3 Ra4 60. Re3 Rd4 61. Ra3 Rd6 62. Rb3 Kg6 63. Kg3 h5 64. Rb8 h4+ 65. Kg4 Rd4+ 66. Kh3 Rd3+ 67. Kg2 Kf5 68. Rb4 Re3 69. Rb5+ Kf4 70. Rb8 Re2+ 71. Kf1 Re5 72. Rb4+ Kf3 73. Rb3+ Re3 74. Rb8 Ra3 75. Kg1 g4 76. Rb1 g3 77. Rf1+ Kg4 78. Rf8 Ra1+ 0-1

[Event "Early-Titled-Tuesday-Blitz-April-16-2024"]
[Site "Chess.com"]
[Date "2024.04.16"]
[Round "3"]
[White "Koalaskakistis"]
[Black "Fantastic_Power"]
[Result "1-0"]
[WhiteElo "2563"]
[BlackElo "2735"]
[TimeControl "180+1"]
[EndTime "8:29:51 PDT"]
[Termination "Koalaskakistis won by resignation"]

1. c4 Nf6 2. Nc3 e5 3. e4 g6 4. g3 Bg7 5. Bg2 Nc6 6. Nge2 h5 7. h3 d6 8. d3 h4 9. g4 Nh7 10. Rb1 Ng5 11. Be3 Ne6 12. Qd2 g5 13. b4 Ncd4 14.
b5 Bd7 15. a4 c6 16. Ng1 Nf4 17. Bf3 O-O 18. Bxd4 exd4 19. Nce2 Be5 20. Nxf4 Bxf4 21. Qb2 Qf6 22. Ne2 Be5 23. Bg2 a6 24. b6 c5 25. a5 Rfe8 26. O-O Re6 27. f4 gxf4 28. Qd2 Qg5 29. Rf3 Rae8 30. Rbf1 Rf6 31. Nxf4 Rxf4 32. Rxf4 Bxf4 33. Qxf4 Qxf4 34. Rxf4 Kg7 35. g5 Re5 36. Rxh4 Rxg5 37. Kf2 Bc6 38. Rg4 Rxg4 39. hxg4 Kg6 40. Kg3 Kg5 41. Bf3 Kg6 42. Kf4 f6 43. Bg2 Bd7 44.
Kg3 Kg5 45. e5 dxe5 46. Bxb7 f5 47. gxf5 Bxf5 48. Be4 Bc8 49. b7 Bxb7 50. Bxb7 Kf5 51. Kf3 Kf6 52. Ke4 Ke6 53. Bxa6 Kd6 54. Bb5 Kc7 55. Kxe5 Kb7 56. Kd6 Ka7 57. Kxc5 Ka8 58. Kxd4 Ka7 59. Kc5 Kb7 60. d4 Kc7 61. d5 Kb8 62.
Kb6 Ka8 63. d6 Kb8 64. d7 1-0

[Event "Early-Titled-Tuesday-Blitz-April-16-2024"]
[Site "Chess.com"]
[Date "2024.04.16"]
[Round "3"]
[White "FREDERICKtheMATE"]
[Black "FaustinoOro"]
[Result "1/2-1/2"]
[WhiteElo "2686"]
[BlackElo "2952"]
[TimeControl "180+1"]
[EndTime "8:29:55 PDT"]
[Termination "Game drawn by repetition"]

1. d4 d5 2. c4 e6 3. Nf3 a6 4.
c5 b6 5. cxb6 cxb6 6. Nc3 Nf6 7.
Bf4 Bd6 8. Bxd6 Qxd6 9. e3 O-O 10. Bd3 Nc6 11. O-O Bd7 12. Rc1 h6 13. a3 Rfc8 14.
b4 a5 15. b5 Ne7 16. Na4 Ne4 17. Qb3 Ng5 18. Ne5 Be8 19. f4 Nh7 20. Rc3 Rxc3 21. Nxc3 f6 22. Nf3 Nf8 23. Rc1 Rc8 24. Ne2 Rxc1+ 25.
Nxc1 Bg6 26. Bxg6 Nfxg6 27. Nd3 Qd7 28. Kf2 Nf5 29. a4 Nd6 30. Nd2 Ne7 31. Qc2 Kf8 32. Ne1 Nef5 33. Nef3 Ne7 34. g4 Qc8 35.
Qxc8+ Nexc8 36. Ke2 Kf7 37. Kd3 Ne7 38. h3 g5 39.
fxg5 hxg5 40. Ng1 Ng6 41. Ngf3 Ke7 42. Kc3 Nf7 43. Nf1 f5 44. Ng3 f4 45. exf4 Nxf4 46. h4 gxh4 47. Nxh4 Ng5 48. Kd2 Kf6 49. Nh5+ Nxh5 50.
gxh5 Ne4+ 51. Ke3 Nc3 52. Kd3 Ne4 53. h6 Ng5 54. Ke3 Nf7 55. Nf3 Kg6 56. Kf4 Kxh6 57.
Ne5 Nd6 58. Nd7 Nc4 59. Nf8 Kg7 60. Nxe6+ Kf6 61. Nc7 Ke7 62. Nxd5+ Kd6 63. Nc3 Nb2 64. Ke4 Nc4 65. Kd3 Nb2+ 66. Kc2 Nc4 67. Kd3 Nb2+ 68.
Ke4 Nc4 69. Kd3 1/2-1/2

[Event "Early-Titled-Tuesday-Blitz-April-16-2024"]
[Site "Chess.com"]
[Date "2024.04.16"]
[Round "3"]
[White "vovachesss"]
[Black "AnishOnYoutube"]
[Result "1/2-1/2"]
[WhiteElo "2771"]
[BlackElo "3047"]
[TimeControl "180+1"]
[EndTime "8:29:56 PDT"]
[Termination "Game drawn - insufficient material"]

1. e4 c5 2. c3 d5 3. exd5 Qxd5 4. d4 Nf6 5. Nf3 e6 6. Be3 Nc6 7. dxc5 Qxd1+ 8. Kxd1 Ng4 9. b4 a5 10. Bb5 Bd7 11.
Bxc6 Bxc6 12. Kc2 Nxe3+ 13. fxe3 g6 14. Rg1 axb4 15. cxb4 Bxf3 16. gxf3 Bg7 17. Nc3 Ra3 18.
Nb5 Rxe3 19. Rad1 Ke7 20. Rd3 Re2+ 21. Kb3 Rb2+ 22. Kc4 Rxa2 23. Rgd1 Rc2+ 24. Kb3 Rb2+ 25. Kc4 Be5 26. Rd7+ Kf6 27. Rxb7 Rxh2 28. Nd6 Rc2+ 29. Kb5 Bxd6 30. Rxd6 h5 31. c6 h4 32. c7 h3 33.
Rb8 Rh5+ 34. Kb6 h2 35. Rd1 h1=Q 36. Rxh1 Rxh1 37. c8=Q Rxc8 38. Rxc8 Rh3 39. Rc3 g5 40. b5 g4 41. Kc7 Rxf3 42. Rc1 g3 43. b6 Kg5 44. Rb1 g2 45. b7 Rf1 46. b8=Q g1=Q 47.
Qg8+ Kf6 48. Qxg1 Rxg1 49. Rxg1 Ke5 50. Kc6 f5 51. Re1+ Kd4 52. Rxe6 f4 53. Rf6 Ke4 54. Kc5 f3 55. Kc4 Ke3 56. Re6+ Kd2 57. Rf6 Ke2 58.
Kc3 f2 59. Re6+ Kf3 60. Rf6+ Ke2 61. Re6+ Kf3 62. Kd2 f1=Q 63. Rf6+ Kg2 64. Rxf1 Kxf1 1/2-1/2

[Event "Early-Titled-Tuesday-Blitz-April-16-2024"]
[Site "Chess.com"]
[Date "2024.04.16"]
[Round "3"]
[White "masterofpuppets2"]
[Black "GeorgiosSouleidis"]
[Result "0-1"]
[WhiteElo "2485"]
[BlackElo "2653"]
[TimeControl "180+1"]
[EndTime "8:29:56 PDT"]
[Termination "GeorgiosSouleidis won by checkmate"]

1. d4 Nf6 2. c4 g6 3. h4 c5 4. d5 Bg7 5. Nc3 O-O 6. e4 d6 7. Be2 e6 8. Nf3 exd5 9. exd5 Re8 10. O-O Bg4 11. Bf4 a6 12. Ng5 Bxe2 13. Nxe2 h6 14. Nf3 Ne4 15. g3 Qf6 16. Qd3 Nd7 17. Kg2 b6 18. b3 g5 19. hxg5 hxg5 20. Be3 Qg6 21.
Rad1 f5 22. Rh1 Re7 23. Bxg5 Nxg5 24. Nf4 Qf6 25. Nh5 Qg6 26. Nf4 Qf6 27. Nxg5 Qxg5 28. Rh5 Qf6 29. Rdh1 Ne5 30. Qb1 Rf8 31. R1h3 Ng4 32.
Qh1 Qb2 33. Nd3 Qd4 34. Qd1 Re6 35. Qf3 Re5 36. Nf4 Qe4 37. Ng6 Qxf3+ 38. Kxf3 Re1 39.
Nxf8 Ne5+ 40. Kg2 Bxf8 41. Rxf5 Re2 42. Rhh5 Bg7 43. Rh4 Nf7 44. Rhf4 Nh6 45. Rh5 Rxa2 46. Re4 Nf7 47. Re8+ Bf8 48. Rh4 Ne5 49. Kg1 Kf7 50.
Rxf8+ Kxf8 51. Rh8+ Kg7 52. Rb8 b5 53. cxb5 axb5 54.
Rxb5 Kf6 55. Rb6 Nf7 56. b4 cxb4 57. Rxb4 Rd2 58. Rb5 Ke5 59. Kg2 Rxd5 60. Rb7 Ke6 61. f4 Rd2+ 62. Kf3 d5 63. g4 Nd6 64.
f5+ Ke5 65. Re7+ Kd4 66. Re6 Ne4 67. f6 Rf2# 0-1

[Event "Early-Titled-Tuesday-Blitz-April-16-2024"]
[Site "Chess.com"]
[Date "2024.04.16"]
[Round "3"]
[White "Grossboss19"]
[Black "AsselLesbekova"]
[Result "0-1"]
[WhiteElo "2583"]
[BlackElo "2404"]
[TimeControl "180+1"]
[EndTime "8:29:57 PDT"]
[Termination "AsselLesbekova won by checkmate"]

1. c4 e6 2. Nf3 d5 3. g3 a6 4. b3 Nf6 5. Bg2 c5 6. cxd5 Nxd5 7. O-O Be7 8. Bb2 Bf6 9. Bxf6 Qxf6 10. Na3 O-O 11. Rc1 Qe7 12. Nc4 b5 13. Nce5 Bb7 14. d4 f6 15. Nd3 cxd4 16. Nxd4 Nd7 17. Nc6 Bxc6 18. Rxc6 Rfc8 19. Qc1 N5b6 20. Nf4 Nf8 21.
Qe3 Rxc6 22. Bxc6 Rb8 23. Rd1 Qc7 24. Bf3 Qe5 25. Qxe5 fxe5 26. Nd3 Nfd7 27. Rc1 Rc8 28. Rxc8+ Nxc8 29. Bc6 Ncb6 30. Bb7 a5 31. a3 a4 32. b4 Nc4 33. Bc6 Ndb6 34. Bxb5 Nxa3 35. Nb2 Nxb5 36. Nd3 a3 37. Nc1 Nc3 38. Kf1 a2 39. Nb3 Ncd5 40. b5 Nc3 41. Ke1 Nxb5 42. Kd2 Nd4 43. Na1 Kf7 44. e3 Nf3+ 45. Ke2 Nxh2 46. f3 e4 47. fxe4 Ng4 48. Kd3 Kf6 49. Kc3 Ke5 50. Kb3 Kxe4 51. Kxa2 Nxe3 52. Nc2 Nxc2 53. Kb3 Ne1 54. g4 Kf3 55. g5 Kg4 56. Kc3 Kxg5 57. Kd4 Nf3+ 58. Ke3 Kg4 59. Kf2 e5 60. Kg2 Ng5 61.
Kf2 h5 62. Ke3 h4 63. Kf2 h3 64. Kg1 e4 65. Kh2 e3 66. Kg1 e2 67. Kf2 h2 68.
Kxe2 h1=Q 69. Kd3 Qf3+ 70. Kd4 Nf7 71. Kc5 g5 72. Kb5 Kf4 73. Ka6 g4 74. Ka7 g3 75.
Kb8 g2 76. Kc7 g1=Q 77. Kb8 Nd7+ 78. Kc7 Qc3+ 79. Kxd7 Qd1+ 80. Ke7 Qe5+ 81. Kf8 Qd8+ 82. Kxf7 Qdf6+ 83. Kg8 Qg7# 0-1

[Event "Early-Titled-Tuesday-Blitz-April-16-2024"]
[Site "Chess.com"]
[Date "2024.04.16"]
[Round "3"]
[White "snowlord"]
[Black "TheCount"]
[Result "1-0"]
[WhiteElo "2958"]
[BlackElo "2677"]
[TimeControl "180+1"]
[EndTime "8:30:00 PDT"]
[Termination "snowlord won by checkmate"]

1. c4 Nf6 2. Nc3 d5 3. cxd5 Nxd5 4. Nf3 g6 5. h4 Nxc3 6. dxc3 Qd6 7. h5 Bg7 8. Qa4+ Bd7 9. Qh4 Be6 10. e4 Nd7 11.
hxg6 hxg6 12. Qxh8+ Bxh8 13. Rxh8+ Nf8 14. Bh6 O-O-O 15.
Rxf8 Rxf8 16. Bxf8 Qb6 17. O-O-O Qxf2 18. Bxe7 Qe3+ 19.
Rd2 c6 20. Bd3 Bxa2 21. Bg5 Qc5 22. Bc2 Be6 23. Rd8+ Kc7 24. Rd4 b5 25. Be3 Qh5 26. Rd1 a5 27. Nd4 Bc4 28. b3 Be6 29. Nxe6+ fxe6 30.
Kb2 e5 31. Bc5 Qg4 32. Rd2 Qf4 33. Rf2 Qg3 34. Rf7+ Kd8 35. Rf2 b4 36. cxb4 axb4 37. Rd2+ Ke8 38. Bxb4 Qe3 39. Bc3 g5 40. Rd3 Qe2 41. Rg3 g4 42. b4 Ke7 43. Kb3 Ke6 44. Bd3 Qd1+ 45. Kb2 Qg1 46. Rxg4 Qe3 47. Bc2 Qe2 48.
Rg6+ Kd7 49. Rg3 Qf2 50. Rd3+ Ke6 51. Rd2 Qe3 52. g4 Kf6 53. Rd6+ Kg5 54. Rxc6 Kxg4 55. Rc5 Kf4 56. Rxe5 Qb6 57. Rf5+ Ke3 58. Rc5 Qd6 59.
e5 Qd7 60. e6 Qe7 61. Re5+ Kf4 62. b5 Qc7 63. Kb3 Qxc3+ 64. Kxc3 Kxe5 65. b6 Kd6 66. b7 Kc7 67. e7 Kxb7 68. e8=Q Kc7 69. Qe5+ Kb6 70. Kd4 Ka7 71. Qc7+ Ka8 72. Be4# 1-0

[Event "Early-Titled-Tuesday-Blitz-April-16-2024"]
[Site "Chess.com"]
[Date "2024.04.16"]
[Round "3"]
[White "Kirill_Klukin"]
[Black "Herzog2012"]
[Result "1-0"]
[WhiteElo "2837"]
[BlackElo "2524"]
[TimeControl "180+1"]
[EndTime "8:30:05 PDT"]
[Termination "Kirill_Klukin won by resignation"]

1. d4 Nf6 2. Nf3 e6 3. e3 c5 4. Bd3 b6 5. O-O Bb7 6. c4 Be7 7. Nc3 O-O 8. d5 exd5 9. cxd5 d6 10. e4 Nbd7 11. Bf4 Re8 12. h3 a6 13. a4 Bf8 14.
Nd2 Qc7 15. Rc1 Rad8 16. Qb3 Ne5 17. Be2 Nfd7 18. Rfe1 h6 19. Bg3 g5 20. Nd1 Bg7 21.
Ne3 Kh7 22. Nf5 Bh8 23. f4 gxf4 24. Bxf4 Nf8 25. Qe3 Bc8 26. Bxe5 Rxe5 27. Qxh6+ Kg8 28. Bg4 Bxf5 29. Bxf5 Bg7 30. Qh5 Rde8 31. Nf3 R5e7 32. Ng5 Bxb2 33. Rb1 Bd4+ 34. Kh1 f6 35. Nf3 Qd8 36.
Nxd4 cxd4 37. Red1 Rg7 38. Rxd4 Rg5 39. Qf3 Ng6 40. Rdb4 Nh4 41. Qf2 Nxf5 42. exf5 Re5 43. Rxb6 Rexf5 44. Qe2 Re5 45. Qf3 Qf8 46. Rb8 Re8 47.
Rxe8 Qxe8 48. Qxf6 Rxd5 49. Rf1 Re5 50. Kh2 Re1 51.
Rxe1 Qxe1 52. Qxd6 Qa5 53. Qg3+ Kf7 54. Qf4+ Ke6 55. h4 Qe1 56. Kh3 Qe2 57. Kg3 Qd3+ 58. Qf3 Qd2 59. Qe4+ Kf6 60. Qf4+ Qxf4+ 61. Kxf4 1-0

[Event "Early-Titled-Tuesday-Blitz-April-16-2024"]
[Site "Chess.com"]
[Date "2024.04.16"]
[Round "3"]
[White "the_chess_child"]
[Black "nihalsarin"]
[Result "0-1"]
[WhiteElo "2817"]
[BlackElo "3174"]
[TimeControl "180+1"]
[EndTime "8:30:07 PDT"]
[Termination "nihalsarin won by resignation"]

1. e4 e5 2. Nf3 Nc6 3. d3 Nf6 4. g3 d5 5. exd5 Qxd5 6. Bg2 e4 7. Nfd2 Bg4 8. Nxe4 O-O-O 9. f3 Nxe4 10. fxe4 Qh5 11. Qd2 Nd4 12. h3 Nf3+ 13. Bxf3 Bxf3 14. O-O Bxe4 15.
Kh2 f6 16. Nc3 Bc6 17. Qf2 Bd7 18. Qg2 Bc5 19. Bf4 Rhe8 20. Ne4 Bc6 21. g4 Qg6 22. Rae1 Bd4 23. c3 Bb6 24. Qf3 f5 25. gxf5 Qxf5 26. Bg5 Bxe4 27. Qxf5+ Bxf5 28. Rxe8 Rxe8 29. Rxf5 Re2+ 30.
Kg3 Rxb2 31. Rf8+ Kd7 32. Rf7+ Ke6 33. Rxg7 Rxa2 34. Rxh7 Rc2 35. c4 Rc3 36. Rh6+ Kf5 37.
h4 Rxd3+ 38. Kg2 a5 39. Rf6+ Kg4 40. Rf4+ Kh5 41. Be7 Rd4 42. Rf5+ Kg6 43. Rf6+ Kg7 44. h5 Rxc4 45. h6+ Kh7 46. Bf8 Rg4+ 47. Kh3 Rg8 48. Rf7+ Kg6 49. Rf3 a4 50. Bg7 Ra8 51. Rg3+ Kh7 52.
Kg4 a3 53. Kh5 Ra5+ 54. Kh4 a2 55. Ba1 Kxh6 56. Rf3 Ra4+ 57. Kh3 Bd4 58. Rf4 Ra3+ 59. Kh4 Bxa1 0-1

[Event "Early-Titled-Tuesday-Blitz-April-16-2024"]
[Site "Chess.com"]
[Date "2024.04.16"]
[Round "3"]
[White "Shuvalov"]
[Black "Anton_Demchenko"]
[Result "1/2-1/2"]
[WhiteElo "2640"]
[BlackElo "3007"]
[TimeControl "180+1"]
[EndTime "8:30:07 PDT"]
[Termination "Game drawn - insufficient material"]

1. d4 Nf6 2. c4 d6 3. Nf3 Nc6 4. Nc3 e5 5. d5 Ne7 6. e4 Ng6 7. g3 Be7 8. Bg2 Bd7 9. h3 c6 10. Be3 h6 11. a4 O-O 12. Qb3 Qc8 13. Rc1 c5 14. h4 Bd8 15. h5 Ne7 16. Ng1 Ng4 17.
Bd2 f5 18. f3 Nf6 19. exf5 Nxf5 20. Nge2 Nd4 21. Nxd4 exd4 22. Nb5 Re8+ 23. Kf2 Be7 24. Bf4 Qb8 25. Rce1 Bf8 26. Rxe8 Bxe8 27. g4 a6 28. Na3 Qc7 29. Bf1 Qf7 30. Kg3 Qd7 31. Bd3 Rb8 32. a5 Qc7 33. Bd2 Bf7 34. Re1 b6 35. axb6 Rxb6 36. Qc2 Qb8 37. Bc1 Rb3 38. Kg2 Kh8 39. Bf5 Rb4 40. Be6 Qb7 41. Qf5 Bxe6 42. Rxe6 Kg8 43. Bxh6 Rxb2+ 44. Kg3 Qf7 45. Bg5 Nd7 46.
Qxf7+ Kxf7 47. h6 gxh6 48. Bxh6 Bxh6 49. Rxh6 Ne5 50. Rxd6 Rb3 51. Nc2 Nxf3 52. Kf4 Rc3 53. Na1 Nd2 54. g5 Nxc4 55. Rf6+ Kg7 56. d6 Nb6 57.
Re6 Re3 58. Rxe3 dxe3 59. Kxe3 Kg6 60. Kd3 Kxg5 61. d7 Nxd7 62. Kc4 Kf6 63. Nb3 Ke5 64. Nxc5 Nxc5 65. Kxc5 Ke4 66. Kb4 Kd3 67. Ka5 Kc4 68.
Kxa6 1/2-1/2